 Dungeon Crawl Stone Soup version 0.29.1-1-gd02db6906a (webtiles) character file.

Game seed: 16001974180391947318

1950 LabCoat the Chopper (level 9, -1/118 HPs)
             Began as a Hill Orc Fighter on Oct 19, 2022.
             Was a Follower of Trog.
             Succumbed to a killer bee's poison
             ... on level 8 of the Dungeon.
             The game lasted 00:15:35 (6012 turns).

LabCoat the Chopper (Hill Orc Fighter)              Turns: 6012, Time: 00:15:36

Health: -1/118     AC: 13    Str: 23    XL:     9   Next: 18%
Magic:  9/9        EV:  8    Int:  8    God:    Trog [*.....]
Gold:   407        SH:  6    Dex: 10    Spells: 8/8 levels left

rFire   . . .      SeeInvis +   a - +1 war axe
rCold   + . .      Faith    .   c - +1 buckler
rNeg    . . .      Spirit   .   t - +0 chain mail
rPois   .          Reflect  .   j - +0 helmet
rElec   .          Harm     .   n - +0 cloak
rCorr   .          Rampage  .   m - +0 pair of gloves
Will    .....                   (no boots)
Stlth   ..........              (no amulet)
HPRegen 0.29/turn               f - ring of see invisible
MPRegen 0.11/turn               q - ring of protection from cold

@: berserking (expiring), lethally poisoned (-1 -> -24), very quick
A: no striking features
a: Renounce Religion, Berserk


You were on level 8 of the Dungeon.
You worshipped Trog.
Trog was aware of your devotion.
You visited 2 branches of the dungeon, and saw 9 of its levels.

You collected 407 gold pieces.

Inventory:

Hand Weapons
 a - a +1 war axe (weapon)
 e - a +0 morningstar
Missiles
 l - 17 poisoned darts
 o - 5 boomerangs (quivered)
 w - 2 javelins
Armour
 c - a +1 buckler (worn)
 j - a +0 helmet (worn)
 m - a +0 pair of gloves (worn)
 n - a +0 cloak (worn)
 t - a +0 chain mail (worn)
Jewellery
 f - a ring of see invisible (left hand)
 q - a ring of protection from cold (right hand)
 r - a +6 ring of intelligence
 A - a ring of protection from fire
Wands
 k - a wand of acid (4)
 B - a wand of flame (10)
Scrolls
 x - 2 scrolls of teleportation
 y - a scroll of butterflies
Potions
 b - a potion of invisibility {unknown}
 d - a potion of curing {unknown}
 g - 2 potions of brilliance
 h - a potion of attraction
 i - 2 potions of mutation {unknown}
 p - 3 potions of lignification
 s - 2 potions of flight {unknown}
 u - a potion of berserk rage {unknown}
 v - a potion of degeneration {unknown}
 z - a potion of heal wounds
 C - a potion of magic {unknown}


   Skills:
 * Level 7.5 Fighting
 * Level 7.6 Axes
 + Level 1.0 Ranged Weapons
 + Level 3.2 Throwing
 + Level 5.2 Armour
 + Level 2.9 Dodging
 + Level 5.3 Shields
 + Level 3.6 Evocations


You had 8 spell levels left.
You didn't know any spells.
Your spell library contained the following spells:

 Spells                   Type           Power      Damage    Failure   Level
 Sandblast                Erth           0%         2d4       99%         1
 Summon Small Mammal      Summ           0%         N/A       99%         1
 Ensorcelled Hibernation  Hex/Ice        0%         N/A       99%         2
 Passwall                 Tmut/Erth      0%         N/A       99%         2
 Call Canine Familiar     Summ           0%         N/A       100%        3
 Spider Form              Tmut/Pois      0%         N/A       100%        3
 Stone Arrow              Conj/Erth      0%         3d7       100%        3
 Summon Guardian Golem    Hex/Summ       0%         N/A       100%        3
 Anguish                  Hex/Necr       0%         N/A       100%        4


Dungeon Overview and Level Annotations

Branches:
Dungeon (8/15)             Temple (1/1) D:4
   Lair: D:8-11

Altars:
Ashenzari
Cheibriados
Fedhas
Gozag
Kikubaaqudgha
Makhleb
Nemelex Xobeh
Okawaru
Qazlal
Ru
Sif Muna
Trog
Uskayaw
Vehumet
Wu Jian
Xom
Yredelemnul
Zin

Shops:
D:5 ?   D:7 (


Message History

You miss the killer bee.
The killer bee is heavily wounded.
You slice the killer bee!!
You kill the killer bee!
Trog accepts your kill.
You closely miss the killer bee.
You feel very sick. The killer bee barely misses you.
The killer bee closely misses you. The gnoll hits you but does no damage.
You barely miss the killer bee.
The killer bee is heavily wounded.
You closely miss the killer bee. You miss the killer bee.
You feel very sick. The killer bee barely misses you.
The killer bee stings you but does no damage.
The killer bee closely misses you.
The killer bee stings you but does no damage. x2
The killer bee stings you!
* * * LOW HITPOINT WARNING * * *
You are lethally poisoned!
The killer bee poisons you!
You barely miss the killer bee.
The killer bee is heavily wounded.
You miss the killer bee. You hit the killer bee.
* * * LOW HITPOINT WARNING * * *
You feel very sick. The killer bee stings you.
* * * LOW HITPOINT WARNING * * *
The killer bee misses you. The killer bee stings you.
* * * LOW HITPOINT WARNING * * *
The gnoll hits you from afar with a +0 spear.
* * * LOW HITPOINT WARNING * * *
You block the killer bee's attack. The killer bee closely misses you.
The killer bee stings you.
* * * LOW HITPOINT WARNING * * *
You miss the killer bee.
The killer bee is heavily wounded.
You hit the killer bee but do no damage.
You barely miss the killer bee.
You die...

## ... ..# ####..#####
#.. ....... #.##..#....
#########.........
######..........#y.#.###
....##.######...@yy....#
###.....# #..##y..##.#
#.......# #..# $g.#
#.......#####..# ...)$
#..............# .......
#......<#####.## ##.....
#.......# #.# ###.#
###....... ..# .#
#..###.##


You could see 4 killer bees and a gnoll (swift).

Vanquished Creatures
  2 water moccasins (D:6)
  2 black bears
  2 ice beasts
  An ogre (D:5)
  3 phantoms
  A necrophage (D:6)
  A bullfrog (D:8)
  3 scorpions
  2 killer bees (D:8)
  A hound (D:6)
  2 orc priests (D:6)
  2 gnoll boudas
  A jelly (D:5)
  4 orc wizards
  12 gnolls
  5 adders
  A river rat (D:5)
  3 white imps
  2 ufetubi
  A worm (D:2)
  A dart slug (D:1)
  7 orcs
  7 ball pythons
  3 bats
  6 endoplasms
  4 giant cockroaches
  10 goblins
  3 hobgoblins
  4 jackals (D:2)
  A quokka (D:1)
  3 frilled lizards (D:1)
  3 kobolds (D:3)
  7 rats
110 creatures vanquished.

Vanquished Creatures (collateral kills)
  An orc warrior (D:6)
  A hound (D:6)
  An orc wizard (D:6)
  An orc (D:6)
4 creatures vanquished.

Grand Total: 114 creatures vanquished

Notes
Turn   | Place    | Note
-------+----------+-------------------------------------------
     0 | D:1      | LabCoat the Hill Orc Fighter began the quest for the Orb.
     0 | D:1      | Reached XP level 1. HP: 19/19 MP: 1/1
   176 | D:1      | Reached XP level 2. HP: 22/27 MP: 2/2
   809 | D:1      | Reached XP level 3. HP: 33/33 MP: 3/3
  1145 | D:2      | Found a faded altar of an unknown god.
  1147 | D:2      | Noticed a floating eye
  1147 | D:2      | Noticed an eye of devastation
  1153 | D:2      | Noticed a shining eye
  1200 | D:2      | Noticed an eye of devastation
  1682 | D:3      | Found a blossoming altar of Fedhas.
  1738 | D:3      | Found an opulent altar of Gozag.
  1879 | D:3      | Reached XP level 4. HP: 40/40 MP: 4/4
  1942 | D:3      | Found a shimmering altar of Xom.
  2089 | D:4      | Found an ancient bone altar of Kikubaaqudgha.
  2102 | D:4      | Noticed a phantom
  2114 | D:4      | Killed a phantom
  2115 | D:4      | Reached skill level 1 in Throwing
  2115 | D:4      | Reached skill level 1 in Evocations
  2115 | D:4      | Reached XP level 5. HP: 47/47 MP: 5/5
  2155 | D:4      | Found a staircase to the Ecumenical Temple.
  2163 | Temple   | Entered the Ecumenical Temple
  2168 | Temple   | Became a worshipper of Trog the Wrathful
  2381 | D:4      | Noticed a phantom
  2397 | D:4      | Killed a phantom
  2398 | D:4      | Reached skill level 1 in Dodging
  2745 | D:4      | Reached XP level 6. HP: 55/55 MP: 6/6
  2992 | D:5      | Entered Level 5 of the Dungeon
  3012 | D:5      | Reached skill level 5 in Fighting
  3168 | D:5      | Found Ekkasem's Magic Scroll Emporium.
  3204 | D:5      | Noticed a black bear
  3211 | D:5      | Killed a black bear
  3212 | D:5      | Reached skill level 5 in Axes
  3212 | D:5      | Reached XP level 7. HP: 43/61 MP: 7/7
  3543 | D:5      | Found a broken altar of Ashenzari.
  4221 | D:6      | Reached XP level 8. HP: 43/70 MP: 8/8
  4301 | D:6      | HP: 1/70 [orc warrior/+0 dire flail (14)]
  4389 | D:6      | Reached * piety under Trog
  5173 | D:6      | Found an ornate altar of the Wu Jian Council.
  5219 | D:6      | Reached skill level 5 in Armour
  5219 | D:6      | Reached skill level 5 in Shields
  5250 | D:6      | Found a burning altar of Makhleb.
  5325 | D:7      | Found Zunyow's Weapon Shoppe.
  5737 | D:7      | Reached XP level 9. HP: 64/79 MP: 9/9
  6008 | D:8      | Reached skill level 1 in Ranged Weapons
  6011 | D:8      | HP: 4/118 [killer bee (6)]
  6012 | D:8      | Succumbed to a killer bee's poison

Illustrated notes

Levels and vault maps discovered:
D:1:      dpeg_arrival_subterranean_lakeside_camping, layout_basic,
          serial_glass, glass_columns_a, glass_columns_a, chequers_arboretum
D:2:      layout_rooms, hellmonk_ecumenical_altar_watching_god,
          amethyst_killhole, grunt_decor_one_mirror
D:3:      layout_basic, fedhas_altar_2, grunt_gozag_statues,
          mainiacjoe_overflow_brackets
D:4:      layout_loops_cross, nicolae_kikubaaqudgha_miasma_corner,
          minmay_temple_entry_fiery, kennysheep_small_spiral, minmay_quantized
D:5:      layout_rooms, mainiacjoe_overflow_boulevard, portal_sewer_entry_e,
          serial_shops, nicolae_shop_advertising_works
          [nicolae_subvault_shop_adworks]
D:6:      layout_rooms, nicolae_wu_jian_immortal_techniques,
          mainiacjoe_overflow_alcove_2
D:7:      layout_rooms, serial_shops, nicolae_shop_competitors_out_of_business,
          minmay_misc_feat_rows
D:8:      layout_loops_ring, riverfiend_overflow_shadow_ancestor,
          tso_metal_star, amcnicky_altar_gilded, patterned_corridor,
          uniq_maurice, uniq_psyche
Temple:   minmay_freezing_vapour_temple

Skill      XL: |  1  2  3  4  5  6  7  8  9 |
---------------+----------------------------+-----
Axes           | 3 4 5 6 7 |  7.6
Fighting       | 4 5 6 7 |  7.5
Throwing       | 1 2 3 |  3.2
Evocations     | 1 2 3 |  3.6
Dodging        | 1 2 |  2.9
Armour         | 4 5 |  5.2
Shields        | 4 5 |  5.3
Ranged Weapons | 1 |  1.0

Action                   |  1- 3 |  4- 6 |  7- 9 || total
-------------------------+-------+-------+-------++-------
Melee: War axe           |   108 |    57 |   170 ||   335
Throw: Dart              |       |     7 |    18 ||    25
       Boomerang         |       |       |    15 ||    15
Invok: Berserk           |       |       |     3 ||     3
Evoke: Wand              |       |       |     6 ||     6
  Use: Scroll            |     7 |     6 |     7 ||    20
       Potion            |       |       |     4 ||     4
Armor: Scale mail        |    44 |    27 |       ||    71
       Chain mail        |       |       |   115 ||   115
Dodge: Dodged            |    50 |    24 |    74 ||   148
Block: Buckler           |    31 |    11 |    49 ||    91
